 Dungeon Crawl Stone Soup version 0.19-a0-305-g4c536b9 (webtiles) character file.

4597 shmeve the Fighter (level 10, -17/95 HPs)
             Began as a Minotaur Berserker on May 28, 2016.
             Was a High Priest of Trog.
             Demolished by an ogre
             ... wielding a +0 giant spiked club
              (22 damage)
             ... on level 9 of the Dungeon.
             The game lasted 00:14:31 (7045 turns).

shmeve the Fighter (Minotaur Berserker)             Turns: 7045, Time: 00:14:32

Health: -17/95     AC: 14    Str: 24    XL:     10   Next: 19%
Magic:  9/9        EV:  9    Int:  4    God:    Trog [*****.]
Gold:   491        SH:  0    Dex: 11    Spells: 0 memorised, 9 levels left

rFire  . . .     SeeInvis .     v - +0 war axe
rCold  . . .     Gourm    .     q - +0 plate armour
rNeg   . . .     Faith    +     (no shield)
rPois  .         Spirit   .     (helmet restricted)
rElec  .         Dismiss  .     o - +0 cloak
rCorr  .         Reflect  .     (no gloves)
SustAt .         Harm     .     (no boots)
MR     ++...                    i - amulet of faith
Stlth  ..........               (no ring)
                                x - ring of loudness (curse)

@: exhausted, regenerating, slowed, very slow, very resistant to hostile
enchantments, extremely unstealthy
A: retaliatory headbutt, horns 2
a: Berserk, Trog's Hand, Brothers in Arms, Burn Spellbooks, Renounce Religion


You were on level 9 of the Dungeon.
You worshipped Trog.
Trog was extremely pleased with you.
You were near starving.

You visited 1 branch of the dungeon, and saw 9 of its levels.

You collected 491 gold pieces.

Inventory:

Hand Weapons
 v - a +0 war axe (weapon)
Armour
 o - a +0 cloak (worn)
 q - a +0 plate armour (worn)
Jewellery
 i - an amulet of faith (around neck)
 x - a cursed ring of loudness (left hand)
Wands
 r - a wand of flame (26/48)
 E - a wand of digging (15/24)
 G - a wand of iceblast (10/15)
Scrolls
 a - a scroll of holy word {unknown}
 b - 2 scrolls of remove curse {unknown}
 d - 8 scrolls of magic mapping {unknown}
 e - 7 scrolls of teleportation {unknown}
 g - 4 scrolls of random uselessness {unknown}
 j - 10 scrolls of identify {unknown}
 k - 2 scrolls of noise {unknown}
 m - 2 scrolls of immolation {unknown}
 s - 3 scrolls of recharging {unknown}
 y - 4 scrolls of fog {unknown}
 A - a scroll of fear {unknown}
 D - a scroll of enchant weapon {unknown}
 F - a scroll of enchant armour {unknown}
Potions
 f - 6 potions of lignification {unknown}
 l - 3 potions of heal wounds {unknown}
 n - 3 potions of curing {unknown}
 p - a potion of brilliance {unknown}
 u - a potion of degeneration {unknown}
 w - a potion of agility {unknown}
 z - a potion of magic {unknown}
 C - a potion of flight {unknown}
Comestibles
 c - 11 bread rations
 h - 2 meat rations
 t - 3 chunks of flesh
 B - 3 royal jellies
 H - a slice of pizza


   Skills:
 * Level 11.0 Fighting
 * Level 10.6 Axes
 + Level 7.5 Armour
 + Level 7.3 Dodging


You had 9 spell levels left.
You didn't know any spells.

Dungeon Overview and Level Annotations

Branches:
Dungeon (9/15)             Temple (0/1) D:7
   Lair: D:8-11         Orc: D:9-12

Altars:
Ashenzari
Dithmenos
Gozag
Qazlal
Ru
Sif Muna
Yredelemnul
Zin
The Shining One
Beogh

Shops:
D:5 %


Innate Abilities, Weirdness & Mutations

You reflexively headbutt those who attack you in melee.
You have a pair of horns on your head.


Message History

The orc completely misses you. The ogre closely misses you.
You feel sick. The orc barely misses you. The ogre closely misses you.
The orc hits you but does no damage. The ogre hits you with a giant club!
* * * LOW HITPOINT WARNING * * *
You feel sick.
You are no longer poisoned.
Evoke which item? (* to show all) (? for menu, Esc to quit)
Zapping:
G - a wand of iceblast (will waste charges)
Press: ? - help, Shift-Dir - straight line
Okay, then.
Unknown command.
You completely miss the orc. You headbutt the orc.
The orc is almost dead.
Your plate armour prevents you from hitting the ogre.
You hit the ogre.
The ogre is lightly wounded.
The ogre hits you with a giant spiked club!!
You die...

## ..# # ... .##.
############ #.##....
#....oO....####.......
#....@.o..........<...
#.....O....)).........
#..........##)).......
#############))......#
#.))###).. #...).....
#.........
####.........
#....##......


You could see 2 ogres and 2 orcs.

Vanquished Creatures
  The ghost of shmeve the Fighter, a novice MiFi of Okawaru (D:9)
  Pikel (D:7)
  A hill giant (D:8)
  Joseph (D:7)
  Grinder (D:6)
  A spriggan (D:8)
  Duvessa (D:6)
  2 orc warriors
  An ice beast (D:7)
  A phantom (D:9)
  2 ogres
  A centaur (D:6)
  2 giant frogs
  A wyvern zombie (D:7)
  Dowan (D:6)
  A scorpion (D:4)
  4 howler monkeys
  A crimson imp (D:6)
  2 centaur zombies (D:7)
  A wasp zombie (D:8)
  A giant frog zombie (D:5)
  2 hounds
  3 jellies
  Crazy Yiuf (D:5)
  4 orc priests
  5 orc wizards
  A centaur skeleton (D:8)
  2 iguanas
  Ijyb (D:2)
  5 worker ants
  A killer bee zombie (D:6)
  A worker ant zombie (D:6)
  3 gnolls (D:8)
  10 adders
  An adder skeleton (D:9)
  3 worms
  2 dart slugs
  4 giant geckos
  41 orcs
  7 bats
  4 giant cockroaches
  11 goblins
  6 hobgoblins
  7 jackals
  3 quokkas
  2 ball pythons
  3 giant newts
  A jackal skeleton (D:6)
  6 kobolds
  A quokka skeleton (D:7)
  4 rats
173 creatures vanquished.

Vanquished Creatures (others)
  A slave (D:7)
  Menkaure (D:7)
  An ogre (D:7)
  A giant frog (D:7)
  An orc wizard (D:3)
  An adder (D:7)
  A giant gecko (D:7)
  A giant gecko skeleton (D:7)
8 creatures vanquished.

Grand Total: 181 creatures vanquished

Notes
Turn   | Place    | Note
--------------------------------------------------------------
     0 | D:1      | shmeve the Minotaur Berserker began the quest for the Orb.
     0 | D:1      | Reached XP level 1. HP: 19/19 MP: 0/0
     2 | D:1      | Noticed a troll
     2 | D:1      | Noticed a gargoyle
     4 | D:1      | Noticed a minotaur
     6 | D:1      | Noticed a spriggan
     6 | D:1      | Noticed a formicid
     8 | D:1      | Noticed a dwarf
     8 | D:1      | Noticed a vampire
    10 | D:1      | Noticed a felid
    10 | D:1      | Noticed a halfling
    12 | D:1      | Noticed a human
    14 | D:1      | Noticed a draconian
    14 | D:1      | Noticed a merfolk
    16 | D:1      | Noticed a naga
    19 | D:1      | Noticed a ghoul
    21 | D:1      | Noticed a centaur
    21 | D:1      | Noticed a tengu
    23 | D:1      | Noticed an octopode
    23 | D:1      | Noticed a demigod
    25 | D:1      | Noticed a demonspawn
    25 | D:1      | Noticed an ogre
    27 | D:1      | Noticed an elf
    27 | D:1      | Noticed a vine stalker
   161 | D:1      | Reached skill level 4 in Fighting
   169 | D:1      | Reached XP level 2. HP: 24/27 MP: 1/1
   784 | D:2      | Reached XP level 3. HP: 30/33 MP: 2/2
   811 | D:2      | Found an opulent altar of Gozag.
   853 | D:2      | Reached ** piety under Trog
   893 | D:2      | Noticed Ijyb
   910 | D:2      | Killed Ijyb
   910 | D:2      | Reached XP level 4. HP: 41/41 MP: 3/3
  1370 | D:3      | Reached skill level 5 in Fighting
  1488 | D:3      | Reached XP level 5. HP: 43/48 MP: 4/4
  1499 | D:3      | Found a glowing silver altar of Zin.
  1913 | D:3      | Found a deep blue altar of Sif Muna.
  2115 | D:4      | Reached skill level 5 in Axes
  2333 | D:4      | Reached XP level 6. HP: 23/56 MP: 5/5
  2339 | D:4      | Reached *** piety under Trog
  2710 | D:4      | Reached skill level 6 in Fighting
  2855 | D:5      | Entered Level 5 of the Dungeon
  2855 | D:5      | Found Asmib's Food Emporium.
  2907 | D:5      | Found a basalt altar of Yredelemnul.
  2998 | D:5      | Found a glowing golden altar of the Shining One.
  3036 | D:5      | Reached XP level 7. HP: 62/64 MP: 6/6
  3177 | D:5      | Found a sacrificial altar of Ru.
  3328 | D:5      | Noticed Crazy Yiuf
  3338 | D:5      | Killed Crazy Yiuf
  3705 | D:6      | Noticed Dowan
  3706 | D:6      | Noticed Duvessa
  3714 | D:6      | Killed Dowan
  3715 | D:6      | Killed Duvessa
  3715 | D:6      | Reached skill level 7 in Fighting
  3745 | D:6      | Reached **** piety under Trog
  3903 | D:6      | Reached skill level 5 in Dodging
  3983 | D:6      | Reached skill level 5 in Armour
  3983 | D:6      | Reached XP level 8. HP: 55/73 MP: 7/7
  4016 | D:6      | Noticed Grinder
  4026 | D:6      | Killed Grinder
  4121 | D:6      | Found a stormy altar of Qazlal.
  4379 | D:6      | Reached skill level 8 in Fighting
  4869 | D:7      | Noticed Joseph
  4881 | D:7      | Killed Joseph
  4881 | D:7      | Reached XP level 9. HP: 82/82 MP: 8/8
  4914 | D:7      | Noticed Pikel
  4931 | D:7      | Killed Pikel
  4931 | D:7      | Reached skill level 9 in Fighting
  5028 | D:7      | Killed Menkaure
  5212 | D:7      | Got a polished shortbow
  5213 | D:7      | Identified the +7 shortbow "Lifebane" {venom, +Inv Dex+3} (You found it on level 7 of the Dungeon)
  5322 | D:7      | Found a staircase to the Ecumenical Temple.
  5461 | D:7      | Received a gift from Trog
  5645 | D:7      | Found a shattered altar of Ashenzari.
  6033 | D:8      | Reached skill level 10 in Fighting
  6124 | D:8      | Noticed a hill giant
  6135 | D:8      | Killed a hill giant
  6135 | D:8      | Reached skill level 10 in Axes
  6950 | D:9      | Noticed shmeve's ghost (novice MiFi)
  6963 | D:9      | Killed shmeve's ghost
  6963 | D:9      | Reached XP level 10. HP: 88/94 MP: 9/9
  6988 | D:9      | Found a shadowy altar of Dithmenos.
  6998 | D:9      | Found a roughly hewn altar of Beogh.
  7021 | D:9      | HP: 2/141 [orc warrior/glaive (16)]
  7024 | D:9      | Reached ***** piety under Trog
  7024 | D:9      | Reached skill level 11 in Fighting
  7031 | D:9      | HP: 3/142 [poisoned by an orc]
  7043 | D:9      | HP: 2/95 [ogre/giant club (17)]
  7045 | D:9      | Demolished by an ogre

Vault maps used:
D:1:      kb_arrival_jail
D:2:      nicolae_gozag_cash_rules_everything_around_me, first_bread,
          kennysheep_generic_room_14, uniq_iyjb
D:3:      zin_statuary, tgw_sif
D:5:      tso_metal_star, lemuel_round_altar, serial_shops, shop_statue,
          nicolae_ru_great_annihilating_truth, uniq_crazy_yiuf_cottage
D:6:      lemuel_coloured_pillars_altar, uniq_duvessa, uniq_grinder
D:7:      kennysheep_mini, minmay_temple_entry_junction2, uniq_pikel,
          uniq_menkaure, uniq_joseph
D:8:      the_bakery
D:9:      grunt_dithmenos_smoke, grunt_temple_overflow_open, special_room

Skill      XL: |  1  2  3  4  5  6  7  8  9 10 |
---------------+-------------------------------+-----
Fighting       | 4 5 6 7 8 10 11 | 11.0
Armour         | 3 4 5 6 7 |  7.5
Axes           | 4 5 7 8 10 | 10.6
Dodging        | 3 4 5 7 |  7.3

Action                   |  1- 3 |  4- 6 |  7- 9 | 10-12 || total
-------------------------+-------+-------+-------+-------++-------
Melee: Hand axe          |    60 |   146 |   149 |       ||   355
       Headbutt          |    11 |    27 |    62 |    10 ||   110
       War axe           |       |       |    90 |    22 ||   112
Invok: Berserk           |       |       |     5 |     1 ||     6
       Burn Spellbooks   |       |       |     2 |       ||     2
       Trog's Hand       |       |       |     1 |     1 ||     2
 Stab: Invisible         |       |       |     1 |       ||     1
       Paralysed         |       |       |     1 |       ||     1
  Eat: Chunk             |       |     7 |    16 |     1 ||    24
       Beef jerky        |       |       |     1 |       ||     1
Armor: Animal skin       |     2 |       |       |       ||     2
       Chain mail        |    39 |    16 |       |       ||    55
       Plate armour      |       |   103 |   143 |    10 ||   256
Dodge: Dodged            |    46 |    70 |   108 |    18 ||   242
